 Dungeon Crawl Stone Soup version 0.19.5 (webtiles) character file.

6482 ponchio the Eclecticist (level 10, -4/50 HPs)
             Began as a Deep Elf Conjurer on Nov 12, 2017.
             Was a Believer of Vehumet.
             Slain by Fairytaker's ghost (26 damage)
             ... in a bailey.
             The game lasted 01:26:28 (13907 turns).

ponchio the Eclecticist (Deep Elf Conjurer)        Turns: 13907, Time: 01:26:29

Health: -4/50      AC:  5    Str:  5    XL:     10   Next: 68%
Magic:  40/61      EV: 14    Int: 24    God:    Vehumet [**....]
Gold:   273        SH:  0    Dex: 15    Spells: 4 memorised, 27 levels left

rFire  . . .     SeeInvis .     E - staff of power
rCold  + . .     Gourm    .     K - +2 robe {rC+}
rNeg   . . .     Faith    .     (no shield)
rPois  .         Spirit   .     e - +0 helmet
rElec  .         Reflect  .     F - +0 cloak
rCorr  .         Harm     .     (no gloves)
MR     ++...                    (no boots)
Stlth  ++........               (no amulet)
                                G - ring of protection from magic
                                f - ring of magical power

@: no status effects
A: deformed body, high mp 2, screaming 1, MP-powered wands
a: Renounce Religion


You were in a bailey.
You worshipped Vehumet.
Vehumet was pleased with you.
You were not hungry.

You visited 2 branches of the dungeon, and saw 10 of its levels.
You also visited: Bailey.

You collected 623 gold pieces.
You spent 350 gold pieces at shops.

Inventory:

Armour
 e - a +0 helmet (worn)
 F - a +0 cloak (worn)
 K - a +2 robe of cold resistance (worn)
Magical Staves
 E - an uncursed staff of power (weapon)
Jewellery
 f - a ring of magical power (left hand)
 s - an uncursed ring of poison resistance
 y - an uncursed ring of see invisible
 A - a +6 ring of dexterity
 G - a ring of protection from magic (right hand)
Wands
 k - a wand of digging (9/24)
 n - a wand of iceblast (8/15)
 q - a wand of acid (0/15)
 v - a wand of iceblast (8/15)
 x - a wand of flame (26/48)
 z - a wand of teleportation (6/9)
Scrolls
 d - 6 scrolls of amnesia
 g - 3 scrolls of immolation
 m - 3 scrolls of teleportation
 o - 5 scrolls of remove curse
 w - a scroll of identify
 I - 4 scrolls of enchant armour
Potions
 a - a potion of cancellation
 h - 3 potions of ambrosia
 i - a potion of might
 l - 2 potions of cure mutation
 p - a potion of agility
 r - a potion of heal wounds
 t - 4 potions of curing
Books
 b - a book of Conjurations

   Spells                             Type                      Level
   a - Magic Dart                     Conjuration                  1
   b - Searing Ray                    Conjuration                  2
   c - Dazzling Spray                 Conjuration/Hexes            3
   d - Fulminant Prism                Conjuration/Hexes            4
   e - Iskenderun's Mystic Blast      Conjuration                  4
   f - Iskenderun's Battlesphere      Conjuration/Charms           5
 u - a book of Battle

   Spells                             Type                      Level
   a - Infusion                       Charms                       1
   b - Shroud of Golubria             Charms/Translocation         2
   c - Song of Slaying                Charms                       2
   d - Spectral Weapon                Hexes/Charms                 3
   e - Regeneration                   Charms/Necromancy            3
Comestibles
 c - 11 bread rations
 j - 4 meat rations
 H - 2 slices of pizza


   Skills:
 + Level 4.2 Dodging
 - Level 2.4 Stealth
 - Level 15.4 Spellcasting
 - Level 9.4 Conjurations
 - Level 9.5 Charms


You had 27 spell levels left.
You knew the following spells:

 Your Spells              Type           Power        Failure   Level  Hunger
a - Magic Dart            Conj           ####         1%          1    None
b - Dazzling Spray        Conj/Hex       #####.       1%          3    None
c - Iskenderun's Battles  Conj/Chrm      ######..     1%          5    ##.....
d - Regeneration          Chrm/Necr      #####.....   1%          3    None


Dungeon Overview and Level Annotations

Branches:
Dungeon (9/15)             Temple (1/1) D:7
   Lair: D:8-11         Orc: D:9-12

Altars:
Ashenzari
Cheibriados
Dithmenos
Elyvilon
Fedhas
Gozag
Hepliaklqana
Kikubaaqudgha
Makhleb
Nemelex Xobeh
Okawaru
Qazlal
Ru
Sif Muna
Trog
Uskayaw
Vehumet
Xom
Yredelemnul
Zin
The Shining One

Shops:
D:7 =

Annotations:
D:9 Erolcha Bailey Fairytaker's ghost, novice TrHu


Innate Abilities, Weirdness & Mutations

Armour fits poorly on your strangely shaped body.
You have a considerably increased reservoir of magic. (+20% MP)
You occasionally shout uncontrollably at your foes.
You expend magic power (3 MP) to strengthen your wands.


Message History

Okay, then.
Evoke which item? (* to show all) (? for menu, Esc to quit)
Zapping:
q - a wand of acid {zapped: 4} (will waste charges)
Press: ? - help, Shift-Dir - straight line, f/p - Fairytaker's ghost
Aim: Fairytaker's ghost (severely damaged, covered in acid)
The bolt of acid hits Fairytaker's ghost.
Fairytaker's ghost is splashed with acid.
The acid corrodes Fairytaker's ghost!
Fairytaker's ghost is almost destroyed.
Evoking this partially-identified wand wasted a few charges.
Fairytaker's ghost hits you!!
* * * LOW HITPOINT WARNING * * *
You feel much better. Fairytaker's ghost hits you!
Evoke which item? (* to show all) (? for menu, Esc to quit)
Zapping:
q - a wand of acid {zapped: 7} (will waste charges)
Press: ? - help, Shift-Dir - straight line, f/p - Fairytaker's ghost
Aim: Fairytaker's ghost (almost destroyed, covered in acid) Nothing appears to happen.
Fairytaker's ghost hits you!!
Ouch! That really hurt!
You die...

...≈≈♣♣ #..≈.♣ #..≈.♣♣
#..≈..♣♣ ##### #..≈...♣
##...## #..≈...♣ ##'
##..)..######..≈...♣♣
....#...$..)#.(*'.......♣♣♣#
....'...8.))W@))))..(()∩..∩#
..#...))..#.).'.......♣♣♣#
##....)######.)≈...♣♣
##...## #..≈..♣♣ #####
#..≈..♣ #..≈..♣ #..≈.♣♣
#..≈.♣ ...≈≈♣♣


You could see Fairytaker's ghost and a friendly battlesphere.

Vanquished Creatures
  Pikel (D:8)
  Maurice (D:8)
  Prince Ribbit (D:5)
  Sigmund (D:5)
  3 yaks (D:9)
  Grum (D:8)
  Edmund (D:5)
  2 sky beasts (D:5)
  3 orc warriors
  A phantom (D:4)
  A necrophage (D:7)
  3 ice beasts
  2 centaurs
  2 wolves (D:8)
  3 ogres
  2 big kobolds (D:9)
  4 bullfrogs
  11 gnoll sergeants
  A wyvern skeleton (D:8)
  5 wights (D:8)
  2 howler monkeys (D:5)
  4 crimson imps
  A quasit (D:7)
  2 bullfrog zombies (D:6)
  A jelly (D:7)
  3 orc priests
  6 gnoll shamans
  6 hounds
  8 orc wizards
  3 iguanas
  10 worker ants
  A hound zombie (D:6)
  2 hound skeletons
  A worker ant zombie (D:5)
  26 gnolls
  5 adders
  A shadow imp (D:9)
  5 oozes
  An adder zombie (D:7)
  4 worms
  3 dart slugs
  4 leopard geckos
  25 orcs
  8 giant cockroaches
  11 hobgoblins
  14 jackals
  2 quokkas
  A ball python (D:3)
  11 bats
  10 frilled lizards
  10 goblins
  A jackal skeleton (D:5)
  20 kobolds
  A quokka skeleton (D:6)
  4 rats
266 creatures vanquished.

Vanquished Creatures (others)
  A slave (D:8)
  A centaur zombie (D:8)
  A bat (D:2)
3 creatures vanquished.

Grand Total: 269 creatures vanquished

Notes
Turn   | Place    | Note
-------+----------+-------------------------------------------
     0 | D:1      | ponchio the Deep Elf Conjurer began the quest for the Orb.
     0 | D:1      | Reached XP level 1. HP: 10/10 MP: 6/6
   165 | D:1      | Reached skill level 4 in Spellcasting
   165 | D:1      | Reached XP level 2. HP: 15/15 MP: 2/9
   393 | D:1      | Reached XP level 3. HP: 19/19 MP: 4/11
   452 | D:1      | Learned a level 3 spell: Dazzling Spray
   646 | D:1      | Reached skill level 5 in Spellcasting
  1342 | D:1      | Reached skill level 6 in Spellcasting
  1342 | D:1      | Reached XP level 4. HP: 24/24 MP: 3/14
  1856 | D:2      | Found a white marble altar of Elyvilon.
  2227 | D:2      | Found a white marble altar of Elyvilon.
  2394 | D:2      | Found a white marble altar of Elyvilon.
  2870 | D:3      | Found a sacrificial altar of Ru.
  3366 | D:3      | Reached skill level 7 in Spellcasting
  3419 | D:3      | Reached XP level 5. HP: 28/28 MP: 12/16
  3426 | D:3      | Learned a level 5 spell: Iskenderun's Battlesphere
  3569 | D:3      | Reached skill level 1 in Charms
  4188 | D:3      | Found a sacrificial altar of Ru.
  4821 | D:3      | Found a sacrificial altar of Ru.
  6377 | D:4      | Noticed an ogre
  6382 | D:4      | Killed an ogre
  6382 | D:4      | Reached skill level 5 in Conjurations
  6382 | D:4      | Reached XP level 6. HP: 32/32 MP: 12/18
  6518 | D:4      | Found a shadowy altar of Dithmenos.
  6695 | D:4      | Found a glowing golden altar of the Shining One.
  6867 | D:4      | Reached skill level 5 in Charms
  7479 | D:4      | Found a shadowy altar of Dithmenos.
  7517 | D:5      | Entered Level 5 of the Dungeon
  7524 | D:5      | Noticed Sigmund
  7527 | D:5      | Killed Sigmund
  7527 | D:5      | Reached XP level 7. HP: 36/36 MP: 2/19
  7729 | D:5      | Gained mutation: You expend magic power (3 MP) to strengthen your wands. [mutagenic meat]
  7730 | D:5      | Gained mutation: You have an increased reservoir of magic. (+10% MP) [mutagenic meat]
  7731 | D:5      | Gained mutation: You occasionally shout uncontrollably at your foes. [mutagenic meat]
  7732 | D:5      | Gained mutation: You have a considerably increased reservoir of magic. (+20% MP) [mutagenic meat]
  7733 | D:5      | Gained mutation: Armour fits poorly on your strangely shaped body. [mutagenic meat]
  7898 | D:5      | Noticed Prince Ribbit
  7942 | D:5      | Killed Prince Ribbit
  7942 | D:5      | Reached XP level 8. HP: 41/41 MP: 14/25
  7973 | D:5      | Found an ancient bone altar of Kikubaaqudgha.
  8065 | D:5      | Noticed Edmund
  8185 | D:5      | Killed Edmund
  8185 | D:5      | Reached skill level 8 in Spellcasting
  8576 | D:5      | Found an ancient bone altar of Kikubaaqudgha.
  9361 | D:6      | Found an opulent altar of Gozag.
  9365 | D:6      | Found a stormy altar of Qazlal.
  9370 | D:6      | Found a hazy altar of Hepliaklqana.
  9568 | D:6      | Reached skill level 9 in Spellcasting
  9568 | D:6      | Reached XP level 9. HP: 45/45 MP: 20/28
  9702 | D:6      | Found a deep blue altar of Sif Muna.
  9739 | D:6      | Found a deep blue altar of Sif Muna.
  9980 | D:6      | Found an opulent altar of Gozag.
  9984 | D:6      | Found a stormy altar of Qazlal.
  9989 | D:6      | Found a hazy altar of Hepliaklqana.
 10360 | D:7      | Reached skill level 10 in Spellcasting
 10461 | D:7      | Found a glowing silver altar of Zin.
 10501 | D:7      | Found a staircase to the Ecumenical Temple.
 10517 | Temple   | Entered the Ecumenical Temple
 10563 | Temple   | Became a worshipper of Vehumet
 11023 | D:7      | Reached skill level 11 in Spellcasting
 11124 | D:7      | Found Suyxzist's Jewellery Shoppe.
 11135 | D:7      | Bought an uncursed ring of protection from magic for 350 gold pieces
 11429 | D:7      | Found a glowing silver altar of Zin.
 11557 | D:7      | Found Suyxzist's Jewellery Shoppe.
 11634 | D:7      | Found a staircase to the Ecumenical Temple.
 11747 | D:8      | Reached skill level 12 in Spellcasting
 11776 | D:8      | Noticed Maurice
 11784 | D:8      | Killed Maurice
 11784 | D:8      | Reached * piety under Vehumet
 11784 | D:8      | Offered knowledge of Freeze by Vehumet.
 11788 | D:8      | Reached skill level 13 in Spellcasting
 11965 | D:8      | Noticed Grum
 11977 | D:8      | Killed Grum
 11977 | D:8      | Reached XP level 10. HP: 41/50 MP: 34/35
 12088 | D:8      | Noticed Pikel
 12095 | D:8      | Killed Pikel
 12095 | D:8      | Reached skill level 14 in Spellcasting
 12306 | D:8      | Found a blossoming altar of Fedhas.
 12311 | D:8      | Identified a scroll of acquirement
 12903 | D:8      | Found a blossoming altar of Fedhas.
 13237 | D:9      | Offered knowledge of Shock by Vehumet.
 13238 | D:9      | Reached ** piety under Vehumet
 13292 | D:9      | Reached skill level 15 in Spellcasting
 13375 | D:9      | Found a flagged portal.
 13375 | D:9      | Found an iron altar of Okawaru.
 13388 | D:9      | Noticed Erolcha
 13477 | Bailey   | Entered a bailey
 13756 | Bailey   | Offered knowledge of Conjure Flame by Vehumet.
 13761 | Bailey   | Learned a level 3 spell: Regeneration
 13896 | Bailey   | Noticed Fairytaker's ghost (novice TrHu)
 13907 | Bailey   | Slain by Fairytaker's ghost

Skill      XL: |  1  2  3  4  5  6  7  8  9 10 |
---------------+-------------------------------+-----
Spellcasting   | 4 6 7 9 13 15 | 15.4
Charms         | 4 6 7 9 |  9.5
Conjurations   | 5 6 7 9 |  9.4
Dodging        | 4 |  4.2
Stealth        | |  2.4

Action                   |  1- 3 |  4- 6 |  7- 9 | 10-12 || total
-------------------------+-------+-------+-------+-------++-------
Melee: Dagger            |       |     3 |       |       ||     3
 Cast: Magic Dart        |    70 |   157 |   167 |    91 ||   485
       Dazzling Spray    |     1 |    12 |    37 |    41 ||    91
       Iskenderun's Batt |       |     3 |    36 |    23 ||    62
       Regeneration      |       |       |       |     1 ||     1
Evoke: Wand              |       |     1 |       |     5 ||     6
  Use: Scroll            |       |     8 |    12 |     3 ||    23
       Potion            |       |       |       |     2 ||     2
 Stab: Invisible         |       |     1 |       |       ||     1
  Eat: Chunk             |     1 |    12 |    20 |     6 ||    39
       Beef jerky        |       |     4 |       |       ||     4
       Fruit             |       |       |     3 |       ||     3
       Bread ration      |       |       |     1 |       ||     1
Armor: Robe              |       |     2 |     1 |     9 ||    12
Dodge: Dodged            |     8 |    20 |    20 |    28 ||    76
